FLORIDA vs TAMPA BAY

Created - February-21-21 at 18:07

Goals
1 2 3 T
FLORIDA 0 1 0 1
TAMPA BAY 1 1 1 3
Shots
1 2 3 T
FLORIDA 4 12 3 19
TAMPA BAY 10 5 15 30

1st period

1. TAMPA BAY , Filip Forsberg 11 (Filip Chytil 5, Brandon Montour 8) at 0:52

Penalties :
Ilya Lyubushkin (FLA) for Hooking (Minor) at 1:22, Ilya Lyubushkin (FLA) for Slashing (Minor) at 15:28

2nd period

2. FLORIDA , Craig Smith 5 (Dante Fabbro 13, Joe Thornton 12) at 11:41 (PP)
3. TAMPA BAY , Brandon Montour 5 (Sebastian Aho 19, Rasmus Andersson 10) at 12:00

Penalties :
Filip Chytil (TB ) for Roughing (Minor) at 10:54, Drake Batherson (FLA) for Holding (Minor) at 14:51, Sebastian Aho (TB ) for Hooking (Minor) at 19:35

3rd period

4. TAMPA BAY , Sebastian Aho 19 (Sonny Milano 1, Josh Brown 6) at 3:11

Penalties :
Drake Batherson (FLA) for Hooking (Minor) at 0:41, Marc Staal (FLA) for Hooking (Minor) at 7:00, Brandon Montour (TB ) for Interference (Minor) at 10:29, Marc Staal (FLA) for Hooking (Minor) at 15:06

Goalie Stats

Jimmy Howard (FLA), 27 saves from 30 shots - (0.900), L, 9-12-4, 60:00 minutes
Pavel Francouz (TB ), 18 saves from 19 shots - (0.947), W, 7-3-4, 60:00 minutes

Players Stats for FLORIDA

Player Name              G  A  P  +/- PIM S  H  SB GA TA FO     MP     PP MP  PK MP  
------------------------------------------------------------------------------------
Adam Lowry               0  0  0  -1  0   1  1  1  0  0  8/13   18:39   0:00   5:50 
Alex Galchenyuk          0  0  0  -1  0   2  0  3  0  0  6/8    14:55   2:06   0:00 
Brett Ritchie            0  0  0  -1  0   0  0  0  0  0  1/1    14:24   0:04   0:39 
Craig Smith              1  0  1  -1  0   3  0  0  0  0  5/10    9:52   2:10   0:00 
Dante Fabbro             0  1  1   0  0   1  2  2  0  0  0/0    23:29   2:37   4:44 
Drake Batherson          0  0  0  -1  4   1  0  1  0  0  0/5    12:29   1:41   3:07 
Ilya Lyubushkin          0  0  0  -1  4   0  8  3  0  0  0/0    15:37   0:04   3:08 
Joakim Nordstrom         0  0  0  -1  0   1  0  0  0  0  0/0    11:58   0:00   0:00 
Joe Thornton             0  1  1   0  0   2  0  0  0  0  9/22   18:09   2:10   4:14 
Marc Staal               0  0  0  -2  4   0  2  1  0  0  0/0    18:54   0:00   0:52 
Markus Granlund          0  0  0  -1  0   1  0  0  0  0  0/0    11:59   0:00   0:00 
Martin Necas             0  0  0   0  0   2  0  0  0  0  0/2    20:19   1:42   6:00 
Micheal Ferland          0  0  0  -1  0   1  1  0  0  0  0/0     7:42   0:00   0:00 
Nate Schmidt             0  0  0   0  0   1  2  0  0  0  0/0    23:52   2:37   5:07 
Patrick Marleau          0  0  0   0  0   1  3  0  0  0  0/0    15:40   1:42   2:12 
Radim Simek              0  0  0  -1  0   0  0  0  0  0  0/0    17:35   1:15   5:25 
Ryan Donato              0  0  0  -1  0   0  0  0  0  0  6/9    11:58   0:00   0:00 
Shayne Gostisbehere      0  0  0  -2  0   2  1  3  0  0  0/0    20:29   1:11   2:46 

Players Stats for TAMPA BAY

Player Name              G  A  P  +/- PIM S  H  SB GA TA FO     MP     PP MP  PK MP  
------------------------------------------------------------------------------------
Brandon Montour          1  1  2   2  2   1  2  2  0  0  0/0    21:52   5:16   0:56 
Elias Lindholm           0  0  0   0  0   3  1  0  0  0  18/24  18:39   4:43   3:09 
Filip Chytil             0  1  1   1  2   1  1  0  0  0  3/11   15:00   0:14   0:00 
Filip Forsberg           1  0  1   1  0   4  4  0  0  0  0/3    23:33   6:04   2:42 
Jake Virtanen            0  0  0   0  0   1  1  0  0  0  1/3    17:47   4:43   0:00 
Jesper Bratt             0  0  0   0  0   0  0  0  0  0  0/0     1:04   0:00   0:43 
John Klingberg           0  0  0   0  0   4  3  2  0  0  0/0    22:47   5:45   1:57 
Josh Brown               0  1  1   1  0   1  1  0  0  0  0/0    14:52   0:00   0:31 
Lucas Wallmark           0  0  0   2  0   1  0  0  0  0  4/7     8:05   0:00   0:43 
Mathew Barzal            0  0  0   0  0   1  1  0  0  0  3/9    16:12   6:18   0:00 
Rasmus Andersson         0  1  1   2  0   1  2  0  0  0  0/0    21:11   5:02   0:28 
Robby Fabbri             0  0  0   0  0   1  0  0  0  0  1/1    13:19   0:48   0:00 
Sebastian Aho            1  1  2   2  2   5  2  0  0  0  1/2    21:10   4:09   0:27 
Sonny Milano             0  1  1   2  0   0  0  0  0  0  0/0     7:22   0:00   0:00 
Tyson Jost               0  0  0   0  0   0  1  0  0  0  4/8    12:11   0:00   0:00 
Viktor Arvidsson         0  0  0   1  0   2  1  0  0  0  0/2    20:51   6:04   0:00 
Vladislav Gavrikov       0  0  0   1  0   1  1  2  0  0  0/0    16:30   0:14   1:55 
Zach Werenski            0  0  0   0  0   3  1  2  0  0  0/0    22:47   5:45   1:57 

3 Stars

1 - Brandon Montour (TB )
2 - Sebastian Aho (TB )
3 - Filip Forsberg (TB )

Power Play

FLORIDA - 1 on 3 Attempt(s) - 33.33%
TAMPA BAY - 0 on 6 Attempt(s) - 0.00%

Penalty Kill

FLORIDA - 6 on 6 Attempt(s) - 100.00% - Score 0 goal in Penalty Kill
TAMPA BAY - 2 on 3 Attempt(s) - 66.67% - Score 0 goal in Penalty Kill

Team Stat

FLORIDA - Hits : 20 - Faceoff Wins : 35 - Blocked Shots : 14 - Penalty Minutes : 12
TAMPA BAY - Hits : 22 - Faceoff Wins : 35 - Blocked Shots : 8 - Penalty Minutes : 6

Official

Referees : Brandon Blandina and Tom Chmielewski
Linesman : Justin Cornell and Brent Colby

Game Notes

No Game Note

Finance

Level 1 -- Attendance: 4410 (73.50%) -- Ticket Income $441,000
Level 2 -- Attendance: 4011 (80.22%) -- Ticket Income $240,660
Level 3 -- Attendance: 1958 (97.90%) -- Ticket Income $68,530
Level 4 -- Attendance: 4000 (100.00%) -- Ticket Income $80,000
Luxury Box -- Attendance: 792 (79.20%) -- Ticket Income $158,400
Game was played at the Amalie Arena.
Total Attendance: 15171 (84.28%)
Total Ticket Income: $988,590
Total Income: $988,590

FLORIDA

5 vs 5 Forward 
   Center                   Left Wing                Right Wing               Time % Phy DF OF 
 1 Joe Thornton             Patrick Marleau          Martin Necas             33     3   0  2  
 2 Alex Galchenyuk          Adam Lowry               Brett Ritchie            30     3   0  2  
 3 Craig Smith              Micheal Ferland          Drake Batherson          20     3   0  2  
 4 Ryan Donato              Markus Granlund          Joakim Nordstrom         17     3   0  2  

5 vs 5 Defense 
   Defense                  Defense                                           Time % Phy DF OF 
 1 Dante Fabbro             Nate Schmidt                                      35     4   0  1  
 2 Marc Staal               Shayne Gostisbehere                               35     4   0  1  
 3 Radim Simek              Ilya Lyubushkin                                   25     4   0  1  
 4 Dante Fabbro             Nate Schmidt                                      5      4   0  1  

PowerPlay Forward 
   Center                   Left Wing                Right Wing               Time % Phy DF OF 
 1 Drake Batherson          Patrick Marleau          Martin Necas             60     2   0  3  
 2 Joe Thornton             Alex Galchenyuk          Craig Smith              40     2   0  3  

PowerPlay Defense
   Defense                  Defense                                           Time % Phy DF OF 
 1 Dante Fabbro             Nate Schmidt                                      60     2   0  3  
 2 Shayne Gostisbehere      Radim Simek                                       40     2   0  3  

Penalty Kill 4 Players Forward 
   Center                   Wing                     Time % Phy DF OF 
 1 Adam Lowry               Martin Necas             60     2   1  2  
 2 Joe Thornton             Drake Batherson          40     2   1  2  

Penalty Kill 4 Players Defense
   Defense                  Defense                  Time % Phy DF OF 
 1 Dante Fabbro             Nate Schmidt             60     2   1  2  
 2 Ilya Lyubushkin          Radim Simek              40     2   1  2  

Penalty Kill - 3 Players Forward 
   Forward                                           Time % Phy DF OF 
 1 Martin Necas                                      60     2   1  2  
 2 Drake Batherson                                   40     2   1  2  

Penalty Kill - 3 Players Defense
   Defense                  Defense                  Time % Phy DF OF 
 1 Dante Fabbro             Nate Schmidt             60     2   1  2  
 2 Ilya Lyubushkin          Radim Simek              40     2   1  2  

4 vs 4 Forward 
   Center                   Wing                     Time % Phy DF OF 
 1 Drake Batherson          Martin Necas             60     3   0  2  
 2 Joe Thornton             Patrick Marleau          40     3   0  2  

4 vs 4 Defense
   Defense                  Defense                  Time % Phy DF OF 
 1 Dante Fabbro             Nate Schmidt             60     3   0  2  
 2 Shayne Gostisbehere      Radim Simek              40     3   0  2  

Last Minutes Offensive
   Center                   Left Wing                Right Wing               Defense                  Defense                  
   Drake Batherson          Patrick Marleau          Martin Necas             Dante Fabbro             Ilya Lyubushkin          

Last Minutes Defensive
   Center                   Left Wing                Right Wing               Defense                  Defense                  
   Drake Batherson          Patrick Marleau          Martin Necas             Dante Fabbro             Ilya Lyubushkin          

Goaltenders
Starting : Jimmy Howard             
Backup : Marc-Andre Fleury        

Extra Forwards
Normal : Brett Ritchie, Markus Granlund, Martin Necas - PP : Brett Ritchie, Markus Granlund - PK : Brett Ritchie
Extra Defensemen
Normal : Ilya Lyubushkin, Radim Simek, Nate Schmidt - PP : Ilya Lyubushkin - PK : Ilya Lyubushkin, Nate Schmidt
Penalty Shots
Drake Batherson, Martin Necas, Brett Ritchie, Patrick Marleau, Nate Schmidt

Scratches
FLA Cap Hit (Suspend), Denis Malgin (Strained Left Elbow Injury), Justin Schultz (Healthy)

TAMPA BAY

5 vs 5 Forward 
   Center                   Left Wing                Right Wing               Time % Phy DF OF 
 1 Elias Lindholm           Sebastian Aho            Mathew Barzal            29     1   2  2  
 2 Filip Chytil             Filip Forsberg           Viktor Arvidsson         28     1   2  2  
 3 Tyson Jost               Jake Virtanen            Robby Fabbri             25     1   2  2  
 4 Lucas Wallmark           Sonny Milano             Sebastian Aho            18     1   2  2  

5 vs 5 Defense 
   Defense                  Defense                                           Time % Phy DF OF 
 1 Zach Werenski            John Klingberg                                    34     1   2  2  
 2 Brandon Montour          Rasmus Andersson                                  34     1   2  2  
 3 Vladislav Gavrikov       Josh Brown                                        32     1   2  2  
 4 Josh Brown               Rasmus Andersson                                  0      1   2  2  

PowerPlay Forward 
   Center                   Left Wing                Right Wing               Time % Phy DF OF 
 1 Elias Lindholm           Sebastian Aho            Jake Virtanen            60     1   2  2  
 2 Mathew Barzal            Filip Forsberg           Viktor Arvidsson         40     1   2  2  

PowerPlay Defense
   Defense                  Defense                                           Time % Phy DF OF 
 1 Zach Werenski            John Klingberg                                    60     1   2  2  
 2 Brandon Montour          Rasmus Andersson                                  40     1   2  2  

Penalty Kill 4 Players Forward 
   Center                   Wing                     Time % Phy DF OF 
 1 Elias Lindholm           Filip Forsberg           60     1   2  2  
 2 Lucas Wallmark           Sebastian Aho            40     1   2  2  

Penalty Kill 4 Players Defense
   Defense                  Defense                  Time % Phy DF OF 
 1 Zach Werenski            John Klingberg           60     1   2  2  
 2 Brandon Montour          Vladislav Gavrikov       40     1   2  2  

Penalty Kill - 3 Players Forward 
   Forward                                           Time % Phy DF OF 
 1 Lucas Wallmark                                    60     1   2  2  
 2 Elias Lindholm                                    40     1   2  2  

Penalty Kill - 3 Players Defense
   Defense                  Defense                  Time % Phy DF OF 
 1 Zach Werenski            John Klingberg           60     1   2  2  
 2 Brandon Montour          Rasmus Andersson         40     1   2  2  

4 vs 4 Forward 
   Center                   Wing                     Time % Phy DF OF 
 1 Sebastian Aho            Elias Lindholm           60     1   2  2  
 2 Mathew Barzal            Filip Forsberg           40     1   2  2  

4 vs 4 Defense
   Defense                  Defense                  Time % Phy DF OF 
 1 Zach Werenski            John Klingberg           60     1   2  2  
 2 Brandon Montour          Rasmus Andersson         40     1   2  2  

Last Minutes Offensive
   Center                   Left Wing                Right Wing               Defense                  Defense                  
   Elias Lindholm           Sebastian Aho            Mathew Barzal            Zach Werenski            John Klingberg           

Last Minutes Defensive
   Center                   Left Wing                Right Wing               Defense                  Defense                  
   Elias Lindholm           Sebastian Aho            Mathew Barzal            Zach Werenski            John Klingberg           

Goaltenders
Starting : Pavel Francouz           
Backup : Casey DeSmith            

Extra Forwards
Normal : Jake Virtanen, Robby Fabbri, Jesper Bratt - PP : Robby Fabbri, Filip Chytil - PK : Jesper Bratt
Extra Defensemen
Normal : Vladislav Gavrikov, Josh Brown, Rasmus Andersson - PP : Vladislav Gavrikov - PK : Josh Brown, Rasmus Andersson
Penalty Shots
Sebastian Aho, Elias Lindholm, Mathew Barzal, Filip Forsberg, Viktor Arvidsson

Scratches
Anthony Bitetto (Healthy), TB Cap Hit (Healthy)

% Time on Ice - FLORIDA

Lines # - Real PCT - Wanted PCT - Time Play
Normal Forward
1 - 27% - 33% - 11:45
2 - 29% - 30% - 12:49
3 - 17% - 20% - 7:42
4 - 27% - 17% - 11:58
Normal Defense
1 - 35% - 35% - 15:16
2 - 37% - 35% - 16:31
3 - 28% - 25% - 12:27
4 - 0% - 5% - 0:00
PP Forward
1 - 44% - 60% - 1:42
2 - 56% - 40% - 2:10
PP Defense
1 - 68% - 60% - 2:37
2 - 32% - 40% - 1:15
PK Forward
1 - 65% - 60% - 7:07
2 - 35% - 40% - 3:54
PK Defense
1 - 48% - 60% - 5:18
2 - 52% - 40% - 5:43
PK3 Forward
1 - 0% - 60%
2 - 0% - 40%
PK3 Defense
1 - 0% - 60%
2 - 0% - 40%
44 Forward
1 - 100% - 60% - 0:53
2 - 0% - 40% - 0:00
44 Defense
1 - 98% - 60% - 0:52
2 - 2% - 40% - 0:01
Last Minute Offensive  - 0:00
Last Minute Defensive  - 0:00
Total
Forward - 60:00
Defense - 60:00

% Time on Ice - TAMPA BAY

Lines # - Real PCT - Wanted PCT - Time Play
Normal Forward
1 - 22% - 29% - 9:54
2 - 33% - 28% - 14:47
3 - 28% - 25% - 12:11
4 - 17% - 18% - 7:22
Normal Defense
1 - 32% - 34% - 14:12
2 - 35% - 34% - 15:41
3 - 32% - 32% - 14:21
4 - 0% - 0% - 0:00
PP Forward
1 - 43% - 60% - 4:43
2 - 57% - 40% - 6:18
PP Defense
1 - 52% - 60% - 5:45
2 - 48% - 40% - 5:16
PK Forward
1 - 88% - 60% - 3:25
2 - 12% - 40% - 0:27
PK Defense
1 - 50% - 60% - 1:57
2 - 50% - 40% - 1:55
PK3 Forward
1 - 0% - 60%
2 - 0% - 40%
PK3 Defense
1 - 0% - 60%
2 - 0% - 40%
44 Forward
1 - 100% - 60% - 0:53
2 - 0% - 40% - 0:00
44 Defense
1 - 100% - 60% - 0:53
2 - 0% - 40% - 0:00
Last Minute Offensive  - 0:00
Last Minute Defensive  - 0:00
Total
Forward - 60:00
Defense - 60:00

Play-by-Play

1st period


0:01 of 1st period - Elias Lindholm wins face-off versus Joe Thornton in neutral zone.
0:04 of 1st period - Nate Schmidt is hit by Sebastian Aho.
0:24 of 1st period - Shot by Mathew Barzal.
0:24 of 1st period - Shot Misses the Net.
0:26 of 1st period - Shot by Zach Werenski.
0:26 of 1st period - Stopped by Jimmy Howard without a rebound.
0:27 of 1st period - Alex Galchenyuk wins face-off versus Filip Chytil in FLORIDA zone.
0:36 of 1st period - Shot by Filip Chytil.
0:36 of 1st period - Shot Blocked by Alex Galchenyuk.
0:50 of 1st period - Shot by Filip Chytil.
0:50 of 1st period - Shot Blocked by Marc Staal.
0:52 of 1st period - Shot by Filip Forsberg.
0:52 of 1st period - Goal by Filip Forsberg - FLORIDA : 0 - TAMPA BAY : 1.
0:53 of 1st period - Robby Fabbri wins face-off versus Craig Smith in neutral zone.
1:04 of 1st period - Tyson Jost is hit by Ilya Lyubushkin.
1:12 of 1st period - Shot by Robby Fabbri.
1:12 of 1st period - Shot Misses the Net.
1:14 of 1st period - Shot by Vladislav Gavrikov.
1:14 of 1st period - Shot Misses the Net.
1:22 of 1st period - Shot by Jake Virtanen.
1:22 of 1st period - Stopped by Jimmy Howard without a rebound.
1:22 of 1st period - Minor Penalty to Ilya Lyubushkin for Hooking.
1:23 of 1st period - Mathew Barzal wins face-off versus Adam Lowry in FLORIDA zone.
1:23 of 1st period - Filip Forsberg is hit by Nate Schmidt and loses puck.
1:28 of 1st period - Shot by John Klingberg.
1:28 of 1st period - Stopped by Jimmy Howard without a rebound.
1:29 of 1st period - Adam Lowry wins face-off versus Mathew Barzal in FLORIDA zone.
1:35 of 1st period - Icing by John Klingberg.
1:36 of 1st period - Adam Lowry wins face-off versus Mathew Barzal in TAMPA BAY zone.
1:36 of 1st period - Adam Lowry is hit by Zach Werenski.
1:44 of 1st period - Adam Lowry is hit by Filip Forsberg and loses puck.
3:53 of 1st period - Sonny Milano is hit by Nate Schmidt and loses puck.
4:58 of 1st period - Shot by Martin Necas.
4:58 of 1st period - Shot Blocked by Zach Werenski.
5:42 of 1st period - Alex Galchenyuk is hit by Rasmus Andersson and loses puck.
6:00 of 1st period - Markus Granlund is hit by Viktor Arvidsson and loses puck.
6:35 of 1st period - Shot by Elias Lindholm.
6:35 of 1st period - Stopped by Jimmy Howard without a rebound.
6:36 of 1st period - Lucas Wallmark wins face-off versus Craig Smith in FLORIDA zone.
6:43 of 1st period - Shot by Sebastian Aho.
6:43 of 1st period - Shot Misses the Net.
6:45 of 1st period - Shot by Sonny Milano.
6:45 of 1st period - Shot Misses the Net.
6:47 of 1st period - Shot by Vladislav Gavrikov.
6:47 of 1st period - Shot Misses the Net.
6:49 of 1st period - Shot by Lucas Wallmark.
6:49 of 1st period - Stopped by Jimmy Howard without a rebound.
6:50 of 1st period - Elias Lindholm wins face-off versus Joe Thornton in FLORIDA zone.
6:50 of 1st period - Elias Lindholm is hit by Dante Fabbro.
8:58 of 1st period - Shot by Drake Batherson.
8:58 of 1st period - Deflect By Craig Smith.
8:58 of 1st period - Shot Misses the Net.
9:00 of 1st period - Shot by Craig Smith.
9:00 of 1st period - Shot Blocked by Vladislav Gavrikov.
9:20 of 1st period - Elias Lindholm is hit by Micheal Ferland and loses puck.
9:36 of 1st period - Shot by Mathew Barzal.
9:36 of 1st period - Shot Misses the Net.
9:38 of 1st period - Shot by Mathew Barzal.
9:38 of 1st period - Shot Blocked by Ilya Lyubushkin.
10:14 of 1st period - Dante Fabbro is hit by Sebastian Aho and loses puck.
10:27 of 1st period - Shot by Martin Necas.
10:27 of 1st period - Stopped by Pavel Francouz without a rebound.
10:28 of 1st period - Ryan Donato wins face-off versus Filip Chytil in TAMPA BAY zone.
10:35 of 1st period - Shot by Markus Granlund.
10:35 of 1st period - Shot Blocked by Zach Werenski.
10:56 of 1st period - Shot by Ryan Donato.
10:56 of 1st period - Shot Misses the Net.
11:03 of 1st period - Off-side.
11:04 of 1st period - Lucas Wallmark wins face-off versus Joe Thornton in neutral zone.
11:10 of 1st period - Vladislav Gavrikov is hit by Dante Fabbro and loses puck.
11:23 of 1st period - Shot by Patrick Marleau.
11:23 of 1st period - Stopped by Pavel Francouz without a rebound.
11:24 of 1st period - Alex Galchenyuk wins face-off versus Tyson Jost in TAMPA BAY zone.
12:17 of 1st period - Shot by Viktor Arvidsson.
12:17 of 1st period - Shot Blocked by Adam Lowry.
12:19 of 1st period - Shot by Brandon Montour.
12:19 of 1st period - Shot Misses the Net.
12:23 of 1st period - Shot by Viktor Arvidsson.
12:23 of 1st period - Stopped by Jimmy Howard without a rebound.
12:24 of 1st period - Joe Thornton wins face-off versus Elias Lindholm in FLORIDA zone.
12:38 of 1st period - Vladislav Gavrikov is hit by Shayne Gostisbehere and loses puck.
12:47 of 1st period - Shot by Sebastian Aho.
12:47 of 1st period - Shot Misses the Net.
12:49 of 1st period - Shot by Elias Lindholm.
12:49 of 1st period - Shot Misses the Net.
12:51 of 1st period - Shot by Elias Lindholm.
12:51 of 1st period - Stopped by Jimmy Howard without a rebound.
12:52 of 1st period - Ryan Donato wins face-off versus Filip Chytil in FLORIDA zone.
13:06 of 1st period - Shot by Markus Granlund.
13:06 of 1st period - Shot Misses the Net.
13:54 of 1st period - Off-side.
13:55 of 1st period - Elias Lindholm wins face-off versus Craig Smith in neutral zone.
13:59 of 1st period - Off-side.
14:00 of 1st period - Elias Lindholm wins face-off versus Joe Thornton in neutral zone.
14:10 of 1st period - Martin Necas is hit by John Klingberg and loses puck.
14:29 of 1st period - Shot by Mathew Barzal.
14:29 of 1st period - Shot Misses the Net.
14:36 of 1st period - Shayne Gostisbehere is hit by John Klingberg and loses puck.
15:03 of 1st period - Shot by Adam Lowry.
15:03 of 1st period - Shot Misses the Net.
15:05 of 1st period - Shot by Nate Schmidt.
15:05 of 1st period - Shot Misses the Net.
15:07 of 1st period - Shot by Adam Lowry.
15:07 of 1st period - Shot Misses the Net.
15:09 of 1st period - Shot by Dante Fabbro.
15:09 of 1st period - Stopped by Pavel Francouz without a rebound.
15:10 of 1st period - Craig Smith wins face-off versus Filip Chytil in TAMPA BAY zone.
15:10 of 1st period - Craig Smith is hit by Rasmus Andersson.
15:28 of 1st period - Minor Penalty to Ilya Lyubushkin for Slashing.
15:29 of 1st period - Adam Lowry wins face-off versus Sebastian Aho in FLORIDA zone.
15:40 of 1st period - Shot by Elias Lindholm.
15:40 of 1st period - Shot Blocked by Dante Fabbro.
15:42 of 1st period - Shot by John Klingberg.
15:42 of 1st period - Stopped by Jimmy Howard without a rebound.
15:43 of 1st period - Adam Lowry wins face-off versus Filip Forsberg in FLORIDA zone.
15:56 of 1st period - Shot by Filip Forsberg.
15:56 of 1st period - Shot Misses the Net.
16:20 of 1st period - Shot by Mathew Barzal.
16:20 of 1st period - Shot Blocked by Shayne Gostisbehere.
16:30 of 1st period - Adam Lowry is hit by Filip Forsberg and loses puck.
16:43 of 1st period - Shot by Adam Lowry.
16:43 of 1st period - Deflect By Martin Necas.
16:43 of 1st period - Shot Misses the Net.
16:45 of 1st period - Shot by Dante Fabbro.
16:45 of 1st period - Shot Blocked by Brandon Montour.
17:23 of 1st period - Shot by Elias Lindholm.
17:23 of 1st period - Stopped by Jimmy Howard without a rebound.
17:24 of 1st period - Elias Lindholm wins face-off versus Adam Lowry in FLORIDA zone.
17:47 of 1st period - Shot by Markus Granlund.
17:47 of 1st period - Shot Misses the Net.
17:49 of 1st period - Shot by Ryan Donato.
17:49 of 1st period - Shot Blocked by Vladislav Gavrikov.
18:24 of 1st period - Off-side.
18:25 of 1st period - Alex Galchenyuk wins face-off versus Tyson Jost in neutral zone.
18:48 of 1st period - Shot by Brett Ritchie.
18:48 of 1st period - Shot Misses the Net.
18:50 of 1st period - Shot by Radim Simek.
18:50 of 1st period - Shot Misses the Net.
18:52 of 1st period - Shot by Alex Galchenyuk.
18:52 of 1st period - Stopped by Pavel Francouz without a rebound.
18:53 of 1st period - Filip Chytil wins face-off versus Martin Necas in TAMPA BAY zone.
18:57 of 1st period - Off-side.
18:58 of 1st period - Joe Thornton wins face-off versus Filip Chytil in neutral zone.
19:09 of 1st period - Nate Schmidt is hit by Filip Chytil and loses puck.
Goals for this period are 0 for FLORIDA vs 1 for TAMPA BAY.
Shots for this period are 4 for FLORIDA vs 10 for TAMPA BAY.

2nd period


0:01 of 2nd period - Alex Galchenyuk wins face-off versus Elias Lindholm in neutral zone.
0:25 of 2nd period - Off-side.
0:26 of 2nd period - Joe Thornton wins face-off versus Tyson Jost in neutral zone.
0:39 of 2nd period - Shot by Joe Thornton.
0:39 of 2nd period - Stopped by Pavel Francouz without a rebound.
0:40 of 2nd period - Craig Smith wins face-off versus Filip Chytil in TAMPA BAY zone.
0:40 of 2nd period - Micheal Ferland is hit by Vladislav Gavrikov and loses puck.
0:55 of 2nd period - Shot by Filip Forsberg.
0:55 of 2nd period - Shot Misses the Net.
0:57 of 2nd period - Shot by Filip Forsberg.
0:57 of 2nd period - Stopped by Jimmy Howard without a rebound.
0:58 of 2nd period - Elias Lindholm wins face-off versus Joe Thornton in FLORIDA zone.
1:12 of 2nd period - Icing by Patrick Marleau.
1:13 of 2nd period - Tyson Jost wins face-off versus Joe Thornton in FLORIDA zone.
2:19 of 2nd period - Icing by Mathew Barzal.
2:20 of 2nd period - Craig Smith wins face-off versus Elias Lindholm in TAMPA BAY zone.
2:43 of 2nd period - Shot by Craig Smith.
2:43 of 2nd period - Stopped by Pavel Francouz without a rebound.
2:44 of 2nd period - Adam Lowry wins face-off versus Filip Chytil in TAMPA BAY zone.
3:56 of 2nd period - Shot by Markus Granlund.
3:56 of 2nd period - Stopped by Pavel Francouz without a rebound.
3:57 of 2nd period - Lucas Wallmark wins face-off versus Joe Thornton in TAMPA BAY zone.
3:57 of 2nd period - Lucas Wallmark is hit by Patrick Marleau.
4:22 of 2nd period - Shot by Martin Necas.
4:22 of 2nd period - Shot Blocked by John Klingberg.
4:24 of 2nd period - Shot by Martin Necas.
4:24 of 2nd period - Shot Misses the Net.
4:26 of 2nd period - Shot by Shayne Gostisbehere.
4:26 of 2nd period - Shot Misses the Net.
4:28 of 2nd period - Shot by Shayne Gostisbehere.
4:28 of 2nd period - Stopped by Pavel Francouz without a rebound.
4:29 of 2nd period - Tyson Jost wins face-off versus Drake Batherson in TAMPA BAY zone.
4:48 of 2nd period - Dante Fabbro is hit by Jake Virtanen and loses puck.
5:04 of 2nd period - Icing by Nate Schmidt.
5:05 of 2nd period - Elias Lindholm wins face-off versus Craig Smith in FLORIDA zone.
6:21 of 2nd period - Shot by Viktor Arvidsson.
6:21 of 2nd period - Shot Misses the Net.
6:39 of 2nd period - Adam Lowry is hit by Tyson Jost.
6:52 of 2nd period - Robby Fabbri is hit by Ilya Lyubushkin and loses puck.
7:09 of 2nd period - Shot by Martin Necas.
7:09 of 2nd period - Shot Misses the Net.
7:13 of 2nd period - Shot by Joe Thornton.
7:13 of 2nd period - Stopped by Pavel Francouz without a rebound.
7:14 of 2nd period - Sebastian Aho wins face-off versus Craig Smith in TAMPA BAY zone.
8:19 of 2nd period - Josh Brown is hit by Patrick Marleau and loses puck.
9:36 of 2nd period - Shot by Joakim Nordstrom.
9:36 of 2nd period - Shot Misses the Net.
9:43 of 2nd period - Icing by Mathew Barzal.
9:44 of 2nd period - Alex Galchenyuk wins face-off versus Elias Lindholm in TAMPA BAY zone.
9:44 of 2nd period - Alex Galchenyuk is hit by John Klingberg.
10:12 of 2nd period - Shot by Alex Galchenyuk.
10:12 of 2nd period - Stopped by Pavel Francouz without a rebound.
10:13 of 2nd period - Craig Smith wins face-off versus Filip Chytil in TAMPA BAY zone.
10:19 of 2nd period - Icing by Josh Brown.
10:20 of 2nd period - Ryan Donato wins face-off versus Viktor Arvidsson in TAMPA BAY zone.
10:34 of 2nd period - Viktor Arvidsson is hit by Marc Staal and loses puck.
10:40 of 2nd period - Markus Granlund is hit by Josh Brown and loses puck.
10:53 of 2nd period - Shot by Filip Chytil.
10:53 of 2nd period - Shot Blocked by Shayne Gostisbehere.
10:54 of 2nd period - Minor Penalty to Filip Chytil for Roughing.
10:55 of 2nd period - Elias Lindholm wins face-off versus Drake Batherson in TAMPA BAY zone.
11:08 of 2nd period - Shot by Dante Fabbro.
11:08 of 2nd period - Shot Misses the Net.
11:10 of 2nd period - Shot by Drake Batherson.
11:10 of 2nd period - Stopped by Pavel Francouz without a rebound.
11:11 of 2nd period - Joe Thornton wins face-off versus Elias Lindholm in TAMPA BAY zone.
11:19 of 2nd period - Shot by Craig Smith.
11:19 of 2nd period - Shot Misses the Net.
11:37 of 2nd period - Shot by Craig Smith.
11:37 of 2nd period - Stopped by Pavel Francouz with a rebound.
11:39 of 2nd period - Shot by Dante Fabbro.
11:39 of 2nd period - Shot Misses the Net.
11:41 of 2nd period - Shot by Craig Smith.
11:41 of 2nd period - Goal by Craig Smith - FLORIDA : 1 - TAMPA BAY : 1.
11:42 of 2nd period - Ryan Donato wins face-off versus Lucas Wallmark in neutral zone.
11:58 of 2nd period - Shot by Sebastian Aho.
11:58 of 2nd period - Stopped by Jimmy Howard with a rebound.
12:00 of 2nd period - Shot by Brandon Montour.
12:00 of 2nd period - Goal by Brandon Montour - FLORIDA : 1 - TAMPA BAY : 2.
12:01 of 2nd period - Tyson Jost wins face-off versus Joe Thornton in neutral zone.
12:07 of 2nd period - Robby Fabbri is hit by Marc Staal and loses puck.
12:49 of 2nd period - Patrick Marleau is hit by Brandon Montour and loses puck.
12:53 of 2nd period - Icing by Brandon Montour.
12:54 of 2nd period - Elias Lindholm wins face-off versus Alex Galchenyuk in TAMPA BAY zone.
12:54 of 2nd period - Elias Lindholm is hit by Adam Lowry.
13:00 of 2nd period - Shot by Mathew Barzal.
13:00 of 2nd period - Stopped by Jimmy Howard with a rebound.
14:51 of 2nd period - Minor Penalty to Drake Batherson for Holding.
14:52 of 2nd period - Joe Thornton wins face-off versus Jake Virtanen in FLORIDA zone.
15:51 of 2nd period - Shot by John Klingberg.
15:51 of 2nd period - Stopped by Jimmy Howard with a rebound.
16:23 of 2nd period - Patrick Marleau is hit by Filip Forsberg and loses puck.
16:44 of 2nd period - Shot by Brandon Montour.
16:44 of 2nd period - Shot Misses the Net.
16:53 of 2nd period - Icing by Brandon Montour.
16:54 of 2nd period - Craig Smith wins face-off versus Lucas Wallmark in TAMPA BAY zone.
17:05 of 2nd period - Shot by Micheal Ferland.
17:05 of 2nd period - Stopped by Pavel Francouz without a rebound.
17:06 of 2nd period - Ryan Donato wins face-off versus Tyson Jost in TAMPA BAY zone.
17:11 of 2nd period - Shot by Ryan Donato.
17:11 of 2nd period - Deflect By Joakim Nordstrom.
17:11 of 2nd period - Stopped by Pavel Francouz without a rebound.
17:12 of 2nd period - Lucas Wallmark wins face-off versus Ryan Donato in TAMPA BAY zone.
17:28 of 2nd period - Icing by Markus Granlund.
17:29 of 2nd period - Tyson Jost wins face-off versus Ryan Donato in FLORIDA zone.
18:28 of 2nd period - Zach Werenski is hit by Patrick Marleau.
18:43 of 2nd period - Icing by Zach Werenski.
18:44 of 2nd period - Alex Galchenyuk wins face-off versus Filip Forsberg in TAMPA BAY zone.
19:14 of 2nd period - Shot by Adam Lowry.
19:14 of 2nd period - Stopped by Pavel Francouz without a rebound.
19:15 of 2nd period - Joe Thornton wins face-off versus Mathew Barzal in TAMPA BAY zone.
19:15 of 2nd period - Joe Thornton is hit by Brandon Montour.
19:35 of 2nd period - Minor Penalty to Sebastian Aho for Hooking.
19:36 of 2nd period - Elias Lindholm wins face-off versus Joe Thornton in TAMPA BAY zone.
Goals for this period are 1 for FLORIDA vs 1 for TAMPA BAY.
Shots for this period are 12 for FLORIDA vs 5 for TAMPA BAY.

3rd period


0:01 of 3rd period - Elias Lindholm wins face-off versus Drake Batherson in neutral zone.
0:12 of 3rd period - Shot by Martin Necas.
0:12 of 3rd period - Stopped by Pavel Francouz with a rebound.
0:14 of 3rd period - Shot by Nate Schmidt.
0:14 of 3rd period - Stopped by Pavel Francouz without a rebound.
0:15 of 3rd period - Elias Lindholm wins face-off versus Joe Thornton in TAMPA BAY zone.
0:30 of 3rd period - Shot by Shayne Gostisbehere.
0:30 of 3rd period - Shot Misses the Net.
0:40 of 3rd period - Shot by Shayne Gostisbehere.
0:40 of 3rd period - Stopped by Pavel Francouz without a rebound.
0:41 of 3rd period - Elias Lindholm wins face-off versus Drake Batherson in TAMPA BAY zone.
0:41 of 3rd period - Minor Penalty to Drake Batherson for Hooking.
0:42 of 3rd period - Brett Ritchie wins face-off versus Jake Virtanen in FLORIDA zone.
0:51 of 3rd period - Shot by Martin Necas.
0:51 of 3rd period - Shot Misses the Net.
1:39 of 3rd period - Shot by Viktor Arvidsson.
1:39 of 3rd period - Stopped by Jimmy Howard without a rebound.
1:40 of 3rd period - Adam Lowry wins face-off versus Mathew Barzal in FLORIDA zone.
2:20 of 3rd period - Shot by Rasmus Andersson.
2:20 of 3rd period - Stopped by Jimmy Howard without a rebound.
2:21 of 3rd period - Elias Lindholm wins face-off versus Adam Lowry in FLORIDA zone.
2:22 of 3rd period - Shot by Zach Werenski.
2:22 of 3rd period - Shot Misses the Net.
2:24 of 3rd period - Shot by Zach Werenski.
2:24 of 3rd period - Stopped by Jimmy Howard with a rebound.
2:26 of 3rd period - Shot by Sebastian Aho.
2:26 of 3rd period - Shot Misses the Net.
2:28 of 3rd period - Shot by John Klingberg.
2:28 of 3rd period - Stopped by Jimmy Howard without a rebound.
2:29 of 3rd period - Elias Lindholm wins face-off versus Adam Lowry in FLORIDA zone.
2:46 of 3rd period - Shot by Sonny Milano.
2:46 of 3rd period - Deflect By Sebastian Aho.
2:46 of 3rd period - Shot Misses the Net.
2:48 of 3rd period - Shot by Josh Brown.
2:48 of 3rd period - Shot Misses the Net.
2:50 of 3rd period - Shot by Vladislav Gavrikov.
2:50 of 3rd period - Stopped by Jimmy Howard with a rebound.
3:11 of 3rd period - Shot by Sebastian Aho.
3:11 of 3rd period - Goal by Sebastian Aho - FLORIDA : 1 - TAMPA BAY : 3.
3:12 of 3rd period - Filip Chytil wins face-off versus Ryan Donato in neutral zone.
3:29 of 3rd period - Shot by Markus Granlund.
3:29 of 3rd period - Shot Misses the Net.
3:53 of 3rd period - Rasmus Andersson is hit by Ilya Lyubushkin.
5:08 of 3rd period - Shot by Mathew Barzal.
5:08 of 3rd period - Shot Misses the Net.
5:59 of 3rd period - Shot by Filip Chytil.
5:59 of 3rd period - Shot Blocked by Alex Galchenyuk.
7:00 of 3rd period - Minor Penalty to Marc Staal for Hooking.
7:01 of 3rd period - Mathew Barzal wins face-off versus Joe Thornton in FLORIDA zone.
7:13 of 3rd period - Mathew Barzal is hit by Ilya Lyubushkin and loses puck.
7:23 of 3rd period - Mathew Barzal is hit by Ilya Lyubushkin and loses puck.
8:21 of 3rd period - Shot by Filip Chytil.
8:21 of 3rd period - Stopped by Jimmy Howard without a rebound.
8:22 of 3rd period - Elias Lindholm wins face-off versus Adam Lowry in FLORIDA zone.
8:25 of 3rd period - Shot by John Klingberg.
8:25 of 3rd period - Shot Blocked by Dante Fabbro.
10:12 of 3rd period - Shot by Nate Schmidt.
10:12 of 3rd period - Shot Blocked by Brandon Montour.
10:14 of 3rd period - Shot by Nate Schmidt.
10:14 of 3rd period - Shot Misses the Net.
10:29 of 3rd period - Minor Penalty to Brandon Montour for Interference.
10:30 of 3rd period - Elias Lindholm wins face-off versus Drake Batherson in TAMPA BAY zone.
11:46 of 3rd period - Icing by Joe Thornton.
11:47 of 3rd period - Joe Thornton wins face-off versus Lucas Wallmark in FLORIDA zone.
13:16 of 3rd period - Sebastian Aho is hit by Ilya Lyubushkin and loses puck.
13:28 of 3rd period - Shot by Sebastian Aho.
13:28 of 3rd period - Stopped by Jimmy Howard without a rebound.
13:29 of 3rd period - Filip Chytil wins face-off versus Alex Galchenyuk in FLORIDA zone.
14:00 of 3rd period - Shot by Filip Forsberg.
14:00 of 3rd period - Stopped by Jimmy Howard without a rebound.
14:01 of 3rd period - Joe Thornton wins face-off versus Elias Lindholm in FLORIDA zone.
14:01 of 3rd period - Martin Necas is hit by Elias Lindholm and loses puck.
14:08 of 3rd period - Shot by Sebastian Aho.
14:08 of 3rd period - Stopped by Jimmy Howard without a rebound.
14:09 of 3rd period - Elias Lindholm wins face-off versus Joe Thornton in FLORIDA zone.
14:09 of 3rd period - Brandon Montour is hit by Ilya Lyubushkin and loses puck.
14:18 of 3rd period - Shot by Elias Lindholm.
14:18 of 3rd period - Shot Misses the Net.
14:35 of 3rd period - Sebastian Aho is hit by Ilya Lyubushkin and loses puck.
15:06 of 3rd period - Shot by Robby Fabbri.
15:06 of 3rd period - Stopped by Jimmy Howard without a rebound.
15:06 of 3rd period - Minor Penalty to Marc Staal for Hooking.
15:07 of 3rd period - Adam Lowry wins face-off versus Mathew Barzal in FLORIDA zone.
15:13 of 3rd period - Icing by Zach Werenski.
15:14 of 3rd period - Adam Lowry wins face-off versus Mathew Barzal in TAMPA BAY zone.
15:15 of 3rd period - Shot by Martin Necas.
15:15 of 3rd period - Shot Blocked by John Klingberg.
15:44 of 3rd period - Icing by John Klingberg.
15:45 of 3rd period - Mathew Barzal wins face-off versus Martin Necas in TAMPA BAY zone.
15:50 of 3rd period - Martin Necas is hit by Mathew Barzal and loses puck.
16:34 of 3rd period - Shot by Sebastian Aho.
16:34 of 3rd period - Stopped by Jimmy Howard without a rebound.
16:35 of 3rd period - Jake Virtanen wins face-off versus Joe Thornton in FLORIDA zone.
16:38 of 3rd period - Shot by Zach Werenski.
16:38 of 3rd period - Shot Blocked by Ilya Lyubushkin.
16:40 of 3rd period - Shot by Elias Lindholm.
16:40 of 3rd period - Shot Misses the Net.
16:42 of 3rd period - Shot by Sebastian Aho.
16:42 of 3rd period - Shot Blocked by Drake Batherson.
16:44 of 3rd period - Shot by John Klingberg.
16:44 of 3rd period - Shot Misses the Net.
16:46 of 3rd period - Shot by John Klingberg.
16:46 of 3rd period - Shot Blocked by Ilya Lyubushkin.
17:00 of 3rd period - Shot by Zach Werenski.
17:00 of 3rd period - Stopped by Jimmy Howard without a rebound.
17:01 of 3rd period - Joe Thornton wins face-off versus Filip Forsberg in FLORIDA zone.
17:07 of 3rd period - Icing by Mathew Barzal.
17:08 of 3rd period - Ryan Donato wins face-off versus Viktor Arvidsson in TAMPA BAY zone.
18:00 of 3rd period - Shot by Sebastian Aho.
18:00 of 3rd period - Shot Blocked by Shayne Gostisbehere.
19:00 of 3rd period - Shot by Robby Fabbri.
19:00 of 3rd period - Shot Blocked by Alex Galchenyuk.
19:30 of 3rd period - Adam Lowry is hit by Filip Forsberg and loses puck.
19:35 of 3rd period - Shot by Filip Forsberg.
19:35 of 3rd period - Stopped by Jimmy Howard with a rebound.
19:37 of 3rd period - Shot by Filip Chytil.
19:37 of 3rd period - Shot Misses the Net.
19:39 of 3rd period - Shot by Josh Brown.
19:39 of 3rd period - Stopped by Jimmy Howard with a rebound.
19:41 of 3rd period - Shot by Vladislav Gavrikov.
19:41 of 3rd period - Shot Hit the Post.
Goals for this period are 0 for FLORIDA vs 1 for TAMPA BAY.
Shots for this period are 3 for FLORIDA vs 15 for TAMPA BAY.